 Dungeon Crawl Stone Soup version 0.28.0-43-g3370ac3207 (webtiles) character file.

Game seed: 13775745341625209302

5433 smarlow the Ogre Mage (level 10, -3/100 HPs)
             Began as an Ogre Fire Elementalist on Feb 28, 2022.
             Was a Priest of Vehumet.
             Shot with an arrow by a centaur warrior (15 damage)
             ... on level 8 of the Dungeon.
             The game lasted 00:23:03 (10549 turns).

smarlow the Ogre Mage (Ogre Fire Elementalist)     Turns: 10549, Time: 00:23:04

Health: -3/100     AC:  4    Str: 14    XL:     10   Next: 68%
Magic:  6/22       EV: 10    Int: 32    God:    Vehumet [***...]
Gold:   510        SH:  0    Dex:  9    Spells: 14/26 levels left

rFire   + . .      SeeInvis .   B - +3 broad axe (drain)
rCold   . . .      Faith    .   (no shield)
rNeg    . . .      Spirit   .   x - +1 robe of Claustrophobia {Harm *Slow rF+ Will+}
rPois   .          Reflect  .   (helmet restricted)
rElec   .          Harm     +   (no cloak)
rCorr   .          Rampage  .   (gloves unavailable)
Will    ++...                   (boots unavailable)
Stlth   ++........              (no amulet)
HPRegen 0.26/turn               f - +6 ring of intelligence
MPRegen 0.18/turn               i - +6 ring of intelligence

@: about to teleport
A: large, unfitting armour, tough skin 1
a: Renounce Religion


You were on level 8 of the Dungeon.
You worshipped Vehumet.
Vehumet was most pleased with you.
You visited 1 branch of the dungeon, and saw 9 of its levels.

You collected 510 gold pieces.

Inventory:

Hand Weapons
 B - a +3 broad axe of draining (weapon)
Missiles
 E - a throwing net
Armour
 r - a +2 robe of resistance
 x - the +1 robe of Claustrophobia (worn) {Harm *Slow rF+ Will+}
   (You found it on level 7 of the Dungeon)

   rF:        It protects you from fire.
   *Slow:     It may slow you when you take damage.
   Harm:      It increases damage dealt and taken.
   Will:      It increases your willpower.
Jewellery
 f - a +6 ring of intelligence (left hand)
 g - a ring of protection from cold
 i - a +6 ring of intelligence (right hand)
 n - a ring of flight
 p - a ring of see invisible
Wands
 k - a wand of mindburst (9)
 m - a wand of paralysis (6)
 o - a wand of polymorph (5)
 q - a wand of flame (23)
 t - a wand of iceblast (20)
Scrolls
 a - a scroll of summoning
 u - a scroll of blinking {unknown}
 w - 2 scrolls of identify
 y - 2 scrolls of enchant weapon {unknown}
 z - a scroll of amnesia
 A - 2 scrolls of magic mapping {unknown}
 I - a scroll of enchant armour {unknown}
Potions
 b - 2 potions of magic
 c - a potion of ambrosia {unknown}
 d - 5 potions of curing
 e - a potion of haste {unknown}
 h - 2 potions of degeneration {unknown}
 j - 2 potions of flight {unknown}
 l - 2 potions of brilliance {unknown}
 s - 4 potions of berserk rage {unknown}
 v - a potion of mutation {unknown}
 C - a potion of lignification {unknown}
 D - 2 potions of cancellation {unknown}
 F - 2 potions of resistance {unknown}
 G - 2 potions of attraction {unknown}


   Skills:
 + Level 6.6 Fighting
 + Level 5.0 Dodging
 + Level 4.5 Stealth
 * Level 8.5 Spellcasting
 * Level 6.6 Conjurations
 * Level 7.2 Fire Magic


You had 14 spell levels left.
You knew the following spells:

 Your Spells              Type           Power      Damage    Failure   Level
a - Foxfire               Conj/Fire      100%       2x1d9     1%          1
b - Iskenderun's Mystic   Conj/Tloc      35%        2d8       2%          4
c - Scorch                Fire           100%       2d10      1%          2
d - Freeze                Ice            52%        1d7       1%          1
e - Flame Wave            Conj/Fire      55%        2d11      1%          4

Your spell library contained the following spells:

 Spells                   Type           Power      Damage    Failure   Level
 Poisonous Vapours        Pois/Air       26%        N/A       1%          2
 Conjure Flame            Conj/Fire      55%        6-21      1%          3
 Dazzling Flash           Conj/Hex       70%        N/A       1%          3
 Inner Flame              Hex/Fire       36%        N/A       1%          3
 Starburst                Conj/Fire      27%        6d9       9%          6
 Call Canine Familiar     Summ           13%        N/A       11%         3
 Portal Projectile        Hex/Tloc       26%        N/A       11%         3
 Leda's Liquefaction      Hex/Erth       6%         N/A       34%         4
 Blade Hands              Tmut           6%         N/A       69%         5
 Excruciating Wounds      Necr           6%         N/A       69%         5


Dungeon Overview and Level Annotations

Branches:
Dungeon (9/15)             Temple (0/1) D:4
   Lair: D:8-11         Orc: D:9-12

Altars:
Elyvilon
Kikubaaqudgha
Makhleb
Trog
Vehumet
Xom
Yredelemnul
Zin

Shops:
D:4 *

Annotations:
D:6 1 runed translucent door, Crazy Yiuf


Innate Abilities, Weirdness & Mutations

You are too large for most types of armour.
You have tough skin. (AC +1)


Message History

The yak is almost dead.
The flame wave engulfs the yak.
You kill the yak!
Vehumet accepts your kill.
You feel your power returning.
You finish channelling waves of flame.
A centaur warrior comes into view.
It is wielding a +1 falchion of holy wrath.
Casting: Flame Wave (mildly dangerous; 1% risk of failure)
Confirm with . or Enter, or press ? or * to list all spells.
Casting: Flame Wave (mildly dangerous; 1% risk of failure)
Press: ? - help, Dir - look around, f - activate A wave of flame ripples out!
The flame wave engulfs the yak!
You kill the yak!
Vehumet accepts your kill. (Press . to intensify the flame waves.)
The centaur warrior unwields a +1 falchion of holy wrath.
It stops glowing.
The centaur warrior wields a +0 shortbow.
The centaur warrior shoots an arrow.
The arrow hits you!!
The centaur warrior shoots an arrow.
The arrow hits you!
Your Dodging skill increases to level 5!
A wave of flame ripples out!
A wave of flame ripples out!
The flame wave engulfs the centaur warrior!
The centaur warrior is lightly wounded.
You finish channelling waves of flame.
The centaur warrior shoots an arrow.
The arrow hits you!
* * * LOW HITPOINT WARNING * * *
Casting: Flame Wave (mildly dangerous; 1% risk of failure)
Confirm with . or Enter, or press ? or * to list all spells.
Flames lash the centaur warrior.
The centaur warrior is moderately wounded.
The centaur warrior's fire resistance burns away.
The centaur warrior shoots an arrow.
The arrow closely misses you.
Okay, then.
As you read the scroll of teleportation, it crumbles to dust.
You feel strangely unstable.
The centaur warrior shoots an arrow.
The arrow hits you!
* * * LOW HITPOINT WARNING * * *
The centaur warrior shoots an arrow.
The arrow hits you!
You die...

##.# ####..### ###..
...# ###...####.##
### .#.####...###.
#.. # .#..#...### ..
#.. .#....#### ..#..
.#..##'..### .#)#
.#...[###..### (c#
.#..[..[###..###[#
.#.#......###..#@# #
....##......###..#
###
....#######...####
###.. ##..# ###...##
##.... ##..######
#....# #..#..
.........# #..#.##
##.##..
##.[####.####..#..#
#..##.# ##..#
#........##.##
##.....#
....###..##.....#..#
#..#####


You could see a centaur warrior (combustible).

Vanquished Creatures
  A two-headed ogre (D:7)
  Pikel (D:6)
  Maggie (D:6)
  A meliai zombie (D:6)
  A wyvern (D:7)
  6 yaks (D:8)
  An acid dragon (D:6)
  An orc warrior (D:6)
  3 black bears
  A necrophage (D:8)
  3 ogres
  2 sky beasts
  2 centaurs (D:8)
  A phantom (D:5)
  4 lemures (D:6)
  2 bullfrogs
  Blork the orc (D:6)
  2 scorpions
  A wyvern skeleton (D:7)
  A water moccasin zombie (D:5)
  A water moccasin skeleton (D:6)
  A killer bee (D:8)
  A wight (D:8)
  A howler monkey (D:8)
  A bullfrog zombie (D:5)
  4 bullfrog skeletons
  2 jellies
  2 centaur skeletons (D:7)
  4 hounds
  3 centaur zombies
  2 orc priests
  Jessica (D:2)
  Terence (D:3)
  3 iguanas
  8 orc wizards
  2 hound zombies (D:5)
  A howler monkey zombie (D:5)
  3 gnolls (D:3)
  2 adders (D:3)
  A shadow imp (D:6)
  An adder zombie (D:5)
  An adder skeleton (D:4)
  4 worms
  5 dart slugs
  22 orcs
  6 ball pythons
  7 endoplasms
  3 giant cockroaches
  9 goblins
  11 hobgoblins
  4 jackals
  3 quokkas (D:2)
  3 bats
  5 frilled lizards
  8 kobolds
  4 rats
176 creatures vanquished.

Vanquished Creatures (others)
  610 foxfires
  11 fungi (D:5)
621 creatures vanquished.

Grand Total: 797 creatures vanquished

Notes
Turn   | Place    | Note
-------+----------+-------------------------------------------
     0 | D:1      | smarlow the Ogre Fire Elementalist began the quest for the
                  | Orb.
     0 | D:1      | Reached XP level 1. HP: 16/16 MP: 3/3
    93 | D:1      | Reached skill level 1 in Conjurations
   262 | D:1      | Reached XP level 2. HP: 18/26 MP: 2/5
   495 | D:1      | Found a faded altar of an unknown god.
  1018 | D:1      | Reached XP level 3. HP: 27/32 MP: 4/7
  1080 | D:1      | Reached skill level 3 in Spellcasting
  1540 | D:2      | Reached skill level 1 in Fighting
  1658 | D:2      | Found a radiant altar of Vehumet.
  1667 | D:2      | Became a worshipper of Vehumet
  2065 | D:2      | Noticed Jessica
  2074 | D:2      | Killed Jessica
  2075 | D:2      | Reached XP level 4. HP: 41/41 MP: 1/8
  2169 | D:2      | Learned a level 4 spell: Iskenderun's Mystic Blast
  2387 | D:3      | Reached * piety under Vehumet
  2387 | D:3      | Offered knowledge of Freeze by Vehumet.
  2526 | D:3      | Found a bloodstained altar of Trog.
  2536 | D:3      | Noticed Terence
  2583 | D:3      | Killed Terence
  2584 | D:3      | Reached XP level 5. HP: 11/49 MP: 5/10
  3551 | D:4      | Found Zin's Purification Station.
  3551 | D:4      | Found a glowing silver altar of Zin.
  3718 | D:4      | Reached skill level 4 in Spellcasting
  3718 | D:4      | Reached XP level 6. HP: 58/58 MP: 4/12
  3903 | D:4      | Learned a level 2 spell: Scorch
  3920 | D:4      | Noticed a sky beast
  3929 | D:4      | Killed a sky beast
  4073 | D:4      | Reached XP level 7. HP: 65/66 MP: 7/13
  4248 | D:4      | Found a staircase to the Ecumenical Temple.
  4267 | D:4      | Learned a level 1 spell: Freeze
  4467 | D:5      | Entered Level 5 of the Dungeon
  4510 | D:5      | Found an ancient bone altar of Kikubaaqudgha.
  4730 | D:5      | Reached skill level 5 in Spellcasting
  4787 | D:5      | Found a white marble altar of Elyvilon.
  5024 | D:5      | Found a burning altar of Makhleb.
  5048 | D:5      | Offered knowledge of Static Discharge by Vehumet.
  5057 | D:5      | Reached XP level 8. HP: 76/76 MP: 10/15
  5112 | D:5      | Reached ** piety under Vehumet
  5720 | D:6      | Noticed Maggie
  5735 | D:6      | Killed Maggie
  5736 | D:6      | Reached skill level 6 in Spellcasting
  5736 | D:6      | Reached skill level 5 in Fire Magic
  5982 | D:6      | Noticed Blork the orc
  5988 | D:6      | Killed Blork the orc
  5989 | D:6      | Reached XP level 9. HP: 51/85 MP: 8/18
  6665 | D:6      | Reached skill level 5 in Fighting
  6671 | D:6      | Reached skill level 5 in Conjurations
  6848 | D:6      | Reached skill level 7 in Spellcasting
  7067 | D:6      | Found a runed translucent door.
  7068 | D:6      | Noticed Crazy Yiuf
  7177 | D:6      | Found a shimmering altar of Xom.
  7366 | D:6      | Noticed Pikel
  8482 | D:6      | Killed Pikel
  8892 | D:7      | Reached XP level 10. HP: 98/98 MP: 14/21
  9019 | D:7      | Found a basalt altar of Yredelemnul.
  9028 | D:7      | Identified the +1 robe of Claustrophobia {Harm *Slow rF+
                  | Will+}
  9042 | D:7      | Noticed a two-headed ogre
  9049 | D:7      | Killed a two-headed ogre
  9266 | D:7      | Reached skill level 8 in Spellcasting
 10112 | D:8      | Offered knowledge of Poisonous Vapours by Vehumet.
 10197 | D:8      | Learned a level 4 spell: Flame Wave
 10264 | D:8      | Reached *** piety under Vehumet
 10544 | D:8      | Noticed a centaur warrior
 10546 | D:8      | Reached skill level 5 in Dodging
 10549 | D:8      | Shot with an arrow by a centaur warrior

Illustrated notes

Levels and vault maps discovered:
D:1:      minmay_arrival_arboretum_large, layout_basic,
          hellmonk_ecumenical_altar_blasted
D:2:      kennysheep_the_goblin_king, layout_basic, basic_altar,
          hangedman_decor_lopped, kennysheep_jessica_study
D:3:      layout_loops_ring, mainiacjoe_overflow_small_starburst, uniq_terence
D:4:      layout_rooms, zin_purify, minmay_temple_entry_antechambers
D:5:      layout_loops_ring, mainiacjoe_overflow_catwalk,
          mainiacjoe_overflow_cross_hatched, elyvilon_altar_1
D:6:      layout_basic, lemuel_round_altar, minmay_three_doors, uniq_maggie,
          uniq_blork_the_orc, uniq_crazy_yiuf_cottage, uniq_pikel
D:7:      layout_gridville, yredelemnul_altar_generic
D:8:      minmay_the_grid_four_pointed_star
          [minmay_the_grid_triangle_9x9_corruption,
          minmay_the_grid_triangle_9x9_pentomino_pain,
          minmay_the_grid_triangle_9x9_cache,
          minmay_the_grid_triangle_9x9_fully_insulated_deathbox,
          minmay_the_grid_prize_diamond_cup], layout_loops_ring, serial_glass,
          glass_columns_a, glass_columns_a, kennysheep_flooded_box
D:9:      layout_roguey, general_overflow_altar, lightli_minifort

Skill      XL: |  1  2  3  4  5  6  7  8  9 10 |
---------------+-------------------------------+-----
Conjurations   | 1 2 3 4 5 6 |  6.6
Fire Magic     | 3 4 5 6 7 |  7.2
Spellcasting   | 3 4 5 6 7 8 |  8.5
Dodging        | 2 3 4 5 |  5.0
Fighting       | 1 2 3 4 5 6 |  6.6
Stealth        | 2 3 4 |  4.5

Action                   |  1- 3 |  4- 6 |  7- 9 | 10-12 || total
-------------------------+-------+-------+-------+-------++-------
Melee: Unarmed           |    10 |       |       |       ||    10
       Dagger            |       |     8 |       |       ||     8
       Broad axe         |       |       |     8 |       ||     8
 Cast: Foxfire           |    85 |    95 |   157 |    52 ||   389
       Scorch            |       |     4 |    70 |    14 ||    88
       Iskenderun's Myst |       |       |       |     6 ||     6
       Flame Wave        |       |       |       |     5 ||     5
  Use: Scroll            |       |     2 |     7 |     1 ||    10
       Potion            |       |       |     2 |       ||     2
Armor: Robe              |    11 |     3 |     7 |       ||    21
Dodge: Dodged            |    27 |    10 |    31 |     8 ||    76
